 Dungeon Crawl Stone Soup version 0.31-a0-426-g3a05650e59 (webtiles) character file.

Game seed: 13796196709937004824

57 Ofeo the Magician (level 4, -2/32 HPs)
             Began as a Djinni Wanderer on July 30, 2023.
             Was a Believer of Zin.
             Splashed by a jelly's acid (8 damage)
             ... on level 3 of the Dungeon.
             The game lasted 00:03:28 (2158 turns).

Ofeo the Magician (Djinni Wanderer)                 Turns: 2158, Time: 00:03:28

Health: -2/32      AC:  0    Str: 11    XL:     4   Next: 18%
Gold:   93         EV: 11    Int: 16    God:    Zin [**....] SH:  0 Dex: 12

rFire   + + .        e - +3 dagger
rCold   x . .        (no shield)
rNeg    . . .        j - +0 leather armour
rPois   ∞            d - +0 helmet
rElec   .            k - scarf {harm}
rCorr   .            (no gloves)
SInv    .            (boots unavailable)
Will    .....        (no amulet)
Stlth   +            (no ring)
HPRegen 0.25/turn    (no ring)
MPRegen 0.00/turn

%: harm (+30% outgoing, +20% incoming), infuse magic (-3 HP)
@: corroded, flying, studying Staves
A: sickness immunity, fire resistance 2, cold vulnerability 1, float, innate
caster, HP casting, extra vitality 1
a: Renounce Religion, Recite, Vitalisation, Donate Gold


You were on level 3 of the Dungeon.
You worshipped Zin.
Zin was pleased with you.
You visited 1 branch of the dungeon, and saw 3 of its levels.

You collected 103 gold pieces.
You donated 10 gold pieces to Zin.

Inventory:

Hand Weapons
 a - a +0 club
 e - a +3 dagger (weapon)
Armour
 c - a +0 robe
 d - a +0 helmet (worn)
 j - a +0 leather armour (worn)
 k - a scarf of harm (worn)
Jewellery
 l - a ring of fire
Scrolls
 f - a scroll of fear
 g - a scroll of fog
 i - 2 scrolls of teleportation {@r3}
Potions
 b - a potion of berserk rage
 h - 3 potions of heal wounds {@q2}


   Skills:
 + Level 1.6 Fighting
 + Level 1.4 Throwing
 + Level 1.6 Armour
 + Level 1.8 Dodging
 + Level 2.7 Spellcasting
 + Level 2.7 Conjurations
 + Level 2.7 Hexes
 + Level 2.7 Summonings
 + Level 2.7 Necromancy
 + Level 2.7 Translocations
 + Level 2.7 Transmutations
 + Level 2.7 Fire Magic
 + Level 2.7 Ice Magic
 + Level 2.7 Air Magic
 + Level 2.7 Earth Magic
 + Level 2.7 Poison Magic
 + Level 1.6 Invocations


You knew the following spells:

 Your Spells              Type           Power      Damage    Failure   Level
a - Summon Small Mammal   Summ           40%        N/A       9%          1
b - Freeze                Ice            40%        1d6       9%          1
c - Summon Guardian Gole  Hex/Summ       10%        N/A       26%         3
d - Hailstorm             Conj/Ice       10%        3d5       26%         3
e - Animate Armour        Summ/Erth      20%        N/A       63%         4
f - Shock                 Conj/Air       40%        1d5       9%          1

Your spell library contained the following spells:

 Spells                   Type           Power      Damage    Failure   Level


Dungeon Overview and Level Annotations

Branches:
Dungeon (3/15)

Altars:
Cheibriados
Zin


Innate Abilities, Weirdness & Mutations

You are immune to sickness and miasma.
You are immune to poison.
Your flesh is very heat resistant. (rF++)
You are vulnerable to cold. (rC-)
You float through the air rather than walking.
You learn spells naturally, not from books.
Your magical power is your life essence.
You have superior vitality. (+4 MHP)


Message History

You take 1 damage, and have 31/32 hp.
The zap hits the jelly.
The jelly is moderately wounded.
The zap hits the jelly.
The jelly is heavily wounded.
You take 1 damage, and have 30/32 hp.
Casting: Shock (safe; 9% risk of failure)
Confirm with . or Enter, or press ? or * to list all spells.
Okay, then.
Casting: Shock (safe; 9% risk of failure)
Confirm with . or Enter, or press ? or * to list all spells.
Aiming: Freeze (safe; 9% risk of failure)
Press: ? - help, Shift-Dir - straight line, f/p - jelly
Aim: a jelly (heavily wounded)
You freeze the jelly.
The jelly is severely wounded.
The jelly hits you.
You are splashed with acid!
You take 14 damage, and have 16/32 hp.
MASSIVE DAMAGE!!
Casting: Freeze (safe; 9% risk of failure)
Confirm with . or Enter, or press ? or * to list all spells.
Aiming: Freeze (safe; 9% risk of failure)
Press: ? - help, Shift-Dir - straight line, f/p - jelly
Aim: a jelly (severely wounded)
You freeze the jelly.
The jelly is severely wounded.
The jelly hits you. The acid corrodes you!
You are splashed with acid.
* * * LOW HITPOINT WARNING * * *
You take 8 damage, and have 8/32 hp.
MASSIVE DAMAGE!!
Casting: Freeze (safe; 9% risk of failure)
Confirm with . or Enter, or press ? or * to list all spells.
Aiming: Freeze (safe; 9% risk of failure)
Press: ? - help, Shift-Dir - straight line, f/p - jelly
Aim: a jelly (severely wounded)
You freeze the jelly.
The jelly is severely wounded.
* * * LOW HITPOINT WARNING * * *
The jelly hits you.
* * * LOW HITPOINT WARNING * * *
You are splashed with acid!
You die...

#.......# #.
#.......# ###.
#.......# #...
+.......+ ###...
#.......# ....>..##
#.......# ........##
#..#.#..#
.....#.J.####.......#
......r@.....#.#.#.##
[............#.....#
.##+#.............##
###+#########..####
#.......# ##.###
#.......######...#
#................####
#................'..#
#...:............##.#


You could see a jelly and a rat.

Vanquished Creatures
  2 dart slugs (D:2)
  4 endoplasms
  5 giant cockroaches
  4 goblins
  5 hobgoblins
  4 kobolds
  3 quokkas
  8 ball pythons
  A bat (D:2)
  A frilled lizard (D:2)
  3 rats
40 creatures vanquished.

Vanquished Creatures (collateral kills)
  An endoplasm (D:1)
  2 frilled lizards (D:1)
  2 kobolds (D:1)
5 creatures vanquished.

Grand Total: 45 creatures vanquished

Notes
Turn   | Place    | Note
-------+----------+-------------------------------------------
     0 | D:1      | Ofeo the Djinni Wanderer began the quest for the Orb.
     0 | D:1      | Ofeo set off with the following items: a +0 club, a potion
                  | of berserk rage, a +0 robe, a +0 helmetthe following spells
                  | memorised: Summon Small Mammal, Freeze, Summon Guardian
                  | Golem, Hailstorm, Animate Armour.
     0 | D:1      | Reached XP level 1. HP: 17/17 MP: 0/0
   149 | D:1      | Reached XP level 2. HP: 18/22 MP: 0/0
   670 | D:1      | Reached XP level 3. HP: 26/27 MP: 0/0
   670 | D:1      | Learned a level 1 spell: Shock
   677 | D:1      | Found a faded altar of an unknown god.
   916 | D:1      | Prayed at the altar of an unknown god.
   916 | D:1      | Became a worshipper of Zin the Law-Giver
   916 | D:1      | Reached * piety under Zin
  1271 | D:2      | Reached ** piety under Zin
  1731 | D:2      | Reached XP level 4. HP: 31/32 MP: 0/0
  2054 | D:3      | Found a snail-covered altar of Cheibriados.
  2158 | D:3      | Splashed by a jelly's acid

Illustrated notes

Levels and vault maps discovered:
D:1:      psy_arrival_whirlpool, layout_rooms, chequers_ecumenical_altar_island,
          minmay_misc_feat_secret_circle, nrook_loot_triangle,
          minmay_pentomino_z4
D:2:      layout_basic
D:3:      layout_basic, lemuel_crystal_altar, serial_glass, glass_columns_a,
          glass_columns_a

Action                     |  1- 3 |  4- 6 || total
---------------------------+-------+-------++-------
  Melee: Club              |    18 |       ||    18
         Dagger            |    46 |     7 ||    53
         Punch             |     1 |     1 ||     2
   Cast: Summon Small Mamm |    10 |       ||    10
         Freeze            |     1 |     3 ||     4
         Shock             |    24 |    12 ||    36
    Use: Scroll            |     5 |       ||     5
 Armour: Robe              |    14 |       ||    14
         Leather armour    |    11 |     3 ||    14
  Dodge: Dodged            |    46 |       ||    46

Table legend: (Time is in decaauts)
 A = Elapsed time spent in this place.
 B = Non-inter-level travel time spent in this place.
 C = Inter-level travel time spent in this place.
 D = Time resting spent in this place.
 E = Time spent auto-exploring this place.
 F = Levels seen in this place.
 G = Mean time per level.
                   A        B        C        D        E       F      G
               +--------+--------+--------+--------+--------+-----+--------+
         Total |   2162 |   2021 |    141 |    174 |   1526 |   3 |  720.7 |
       Dungeon |   2162 |   2021 |    141 |    174 |   1526 |   3 |  720.7 |
               +--------+--------+--------+--------+--------+-----+--------+

Top non-repeatable levels by time:
     D:1: 985 daAuts
     D:2: 861 daAuts
     D:3: 314 daAuts
